Map: 2000 Atmospheres LE

Players

Trap

  • Race: Protoss Protoss

Serral - Winner!

  • Race: Zerg Zerg

Event: StayAtHome Story Cup #4

VOD

Have the link to the VOD?

Description

Time

  • Played on: Oct. 22, 2021, 8:23 a.m.
  • Length: 15:48

All games in this series

Show
View Real Time Build Order
Export as new Build Order

Trap Protoss 

Build Orders: 1 Gate Expand, Oracle Opening 

Get SALT Encoding   

  12  0:00  Probe  
  13  0:12  Pylon  
  13  0:17  Probe (Chrono Boost)  
  14  0:26  Probe (Chrono Boost)  
  15  0:31  Probe (Chrono Boost)  
  16  0:40  Gateway  
  16  0:43  Probe  
  16  0:47  Assimilator  
  17  0:55  Probe  
  18  1:07  Probe  
  19  1:19  Probe  
  19  1:25  Nexus  
  20  1:36  Cybernetics Core  
  20  1:38  Probe  
  21  1:45  Assimilator  
  21  1:50  Probe  
  21  1:53  Pylon  
  22  2:02  Probe (Chrono Boost)  
  23  2:12  Adept  
  23  2:15  Probe (Chrono Boost)  
  26  2:20  Stargate, Probe (Chrono Boost)  
  27  2:27  Warp Gate  
  28  2:31  Probe (Chrono Boost)  
  28  2:37  Probe (Chrono Boost)  
  29  2:42  Adept  
  32  2:46  Probe x2 (Chrono Boost)  
  33  2:51  Probe (Chrono Boost)  
  33  2:53  Probe  
  33  2:54  Void Ray (Chrono Boost)  
  35  3:03  Probe  
  35  3:05  Probe  
  41  3:12  Adept  
  43  3:13  Pylon  
  43  3:15  Probe  
  43  3:17  Probe  
  45  3:24  Gateway  
  45  3:27  Probe  
  45  3:29  Oracle (Chrono Boost)  
  49  3:36  Probe  
  49  3:39  Probe  
  51  3:43  Pylon  
  51  3:54  Probe x2  
  51  4:00  Nexus  
  49  4:03  Pylon  
  49  4:07  Probe  
  49  4:08  Probe  
  49  4:09  Assimilator  
  51  4:11  Assimilator  
  51  4:21  Adept x2  
  55  4:26  Probe x2  
  55  4:31  Protoss Air Weapons Level 1, Pylon  
  57  4:35  Stargate  
  57  4:38  Probe x2  
  59  4:43  Forge  
  59  4:47  Shield Battery  
  59  4:49  Pylon, Void Ray (Chrono Boost)  
  59  4:50  Probe x2  
  65  5:05  Probe x2  
  64  5:12  Void Ray (Chrono Boost)  
  62  5:17  Probe (Chrono Boost)  
  62  5:19  Probe x2 (Chrono Boost)  
  67  5:23  Robotics Facility, Void Ray (Chrono Boost)  
  67  5:27  Probe (Chrono Boost)  
  69  5:29  Probe (Chrono Boost)  
  69  5:30  Probe (Chrono Boost), Shield Battery  
  69  5:34  Probe  
  75  5:37  Assimilator  
  75  5:39  Probe  
  75  5:41  Assimilator  
  75  5:42  Shield Battery, Void Ray  
  76  5:47  Probe x2  
  82  5:53  Void Ray  
  82  5:56  Pylon  
  82  5:58  Probe  
  82  5:59  Probe x2  
  89  6:04  Pylon  
  89  6:13  Pylon, Probe x3  
  89  6:17  Photon Cannon  
  92  6:19  Fleet Beacon  
  92  6:21  Stargate  
  92  6:31  Robotics Bay  
  92  6:33  Zealot x2, Observer  
  92  6:36  Pylon  
  97  6:43  Pylon  
  97  6:51  Pylon  
  97  7:00  Probe x3  
  100  7:05  Carrier x2 (Chrono Boost)  
  100  7:08  Nexus  
  112  7:13  Zealot x2  
  113  7:16  Gateway, Carrier (Chrono Boost)  
  113  7:20  Gateway  
  113  7:22  Probe x3  
  122  7:32  Nexus  
  122  7:33  Pylon, Disruptor  
  122  7:36  Flux Vanes  
  125  7:41  Photon Cannon  
  125  7:43  Photon Cannon  
  124  7:54  Protoss Ground Weapons Level 1  
  124  7:59  Zealot  
  124  8:05  Photon Cannon  
  126  8:06  Twilight Council  
  126  8:07  Photon Cannon  
  126  8:08  Pylon  
  134  8:14  Shield Battery  
  134  8:18  Shield Battery  
  134  8:21  Phoenix (Chrono Boost)  
  134  8:22  Phoenix x2 (Chrono Boost)  
  132  8:30  Probe x3  
  129  8:34  Protoss Air Weapons Level 2  
  129  8:37  Phoenix x3 (Chrono Boost)  
  133  8:45  Probe x4  
  137  8:52  Charge (Chrono Boost)  
  133  8:56  Templar Archives  
  133  8:57  Probe x2  
  133  8:58  Probe x2  
  131  9:04  Disruptor  
  129  9:10  Probe x3  
  129  9:11  Probe  
  129  9:13  Assimilator  
  129  9:15  Assimilator  
  133  9:17  Gateway  
  133  9:19  Gateway  
  133  9:25  Gateway  
  133  9:26  Gateway  
  133  9:29  Probe x3  
  136  9:31  Warp Prism  
  136  9:43  Gateway  
  136  9:44  Gateway  
  138  9:50  Gateway  
  138  9:52  Gateway  
  138  9:58  Probe  
  138  9:59  Probe x3, Void Ray  
  140  10:01  High Templar x4  
  140  10:03  Void Ray  
  152  10:07  Archon  
  152  10:08  Archon, Void Ray  
  160  10:14  Observer  
  160  10:20  Sentry  
  162  10:24  Sentry  
  162  10:27  Zealot x2  
  162  10:29  Photon Cannon  
  162  10:30  Protoss Ground Weapons Level 2 (Chrono Boost)  
  162  10:32  Photon Cannon  
  162  10:35  Observer  
  163  10:39  Pylon  
  163  10:41  Pylon  
  162  10:44  Pylon  
  162  10:48  High Templar x2, Zealot  
  162  10:49  Zealot x2  
  172  10:53  Archon  
  172  10:54  Zealot x2  
  174  11:12  Protoss Air Weapons Level 3 (Chrono Boost)  
  170  11:18  High Templar x2  
  170  11:20  Zealot x8  
  190  11:27  Archon  
  184  11:46  Zealot x6  
  184  11:47  Zealot x2  
  200  12:05  Psionic Storm  
  200  12:17  Nexus  
  200  12:18  Stargate  
  200  12:20  Stargate  
  194  12:32  Protoss Shields Level 1  
  178  13:00  Zealot x8  
  178  13:01  Zealot x4  
  198  13:16  Blink (Chrono Boost)  
  180  13:26  Zealot x10  
  180  13:27  Zealot x2  
  121  13:48  Zealot  
  121  13:49  Zealot x8  
  121  13:50  Zealot x3  
  121  13:53  Zealot x3  
  121  13:54  Zealot x8  
  121  13:55  Zealot  
  125  13:58  Zealot x2  
  125  13:59  Zealot x8  
  117  14:04  Nexus  
  111  14:15  Nexus  
  104  14:18  Zealot x2  
  104  14:19  Zealot x6  
  104  14:20  Zealot  
  116  14:25  Zealot x2  
  108  14:36  High Templar  
  101  14:39  High Templar x2  
  101  14:40  High Templar x7  
  118  14:46  Archon  
  118  14:47  Archon  
  116  14:55  Zealot  
  112  15:06  High Templar  
  106  15:10  High Templar  
  106  15:11  High Templar x4  
  106  15:12  High Templar x3  
  106  15:13  High Templar x3  
  124  15:16  Archon  
  124  15:17  Archon x4  
  122  15:31  Archon  
  120  15:36  Stalker  
  120  15:37  Stalker x5  
Show
View Real Time Build Order
Export as new Build Order

Serral Zerg - Winner!

Build Orders: Hatch First, Brood Lord Corruptor 

Get SALT Encoding   

  12  0:00  Drone  
  13  0:12  Overlord  
  13  0:17  Drone  
  14  0:30  Drone  
  14  0:31  Drone  
  16  0:44  Drone  
  17  0:51  Hatchery  
  17  0:54  Drone  
  18  0:57  Drone  
  18  1:07  Extractor  
  17  1:12  Spawning Pool  
  17  1:15  Drone  
  17  1:18  Drone  
  18  1:28  Drone  
  19  1:38  Drone  
  20  1:49  Overlord  
  20  1:58  Queen  
  22  2:02  Queen  
  22  2:03  Zergling x4  
  26  2:11  Drone  
  26  2:13  Metabolic Boost  
  26  2:14  Drone  
  28  2:21  Drone  
  29  2:24  Drone  
  30  2:38  Queen  
  30  2:42  Hatchery  
  31  2:45  Drone  
  31  2:46  Drone  
  31  2:51  Overlord  
  33  2:52  Drone  
  34  2:58  Drone  
  34  3:01  Drone  
  34  3:04  Overlord  
  35  3:08  Queen  
  37  3:13  Drone x3  
  37  3:15  Drone  
  37  3:18  Drone  
  37  3:19  Drone  
  43  3:23  Drone  
  43  3:26  Queen  
  46  3:30  Overlord  
  46  3:32  Drone  
  46  3:34  Drone  
  48  3:37  Zergling x4  
  50  3:42  Zergling x2  
  50  3:47  Overlord  
  50  3:51  Drone  
  50  3:52  Drone  
  50  3:56  Drone x4  
  50  4:01  Drone  
  55  4:03  Drone  
  55  4:05  Spore Crawler  
  55  4:06  Drone, Spore Crawler  
  55  4:13  Drone x4  
  55  4:16  Drone  
  60  4:18  Queen  
  60  4:19  Overlord  
  62  4:28  Drone x3  
  61  4:35  Zergling x2  
  61  4:38  Drone x4  
  66  4:41  Roach Warren  
  65  4:48  Drone x5  
  65  4:50  Spore Crawler  
  65  4:52  Drone  
  70  4:56  Lair  
  70  5:02  Extractor  
  70  5:03  Zergling x2  
  70  5:04  Extractor  
  68  5:07  Drone x2  
  68  5:12  Drone x5  
  72  5:16  Drone x7  
  78  5:24  Drone  
  78  5:27  Drone x2  
  78  5:28  Extractor  
  80  5:29  Extractor  
  80  5:30  Extractor  
  80  5:33  Queen  
  80  5:35  Overlord  
  80  5:36  Overlord  
  80  5:39  Overlord  
  80  5:42  Evolution Chamber  
  81  5:45  Hatchery  
  78  5:55  Drone x8  
  85  5:58  Drone  
  85  6:01  Glial Reconstitution  
  85  6:03  Drone  
  87  6:04  Infestation Pit, Overlord  
  87  6:06  Overseer  
  87  6:07  Spire  
  87  6:09  Drone x2  
  87  6:13  Overlord  
  87  6:15  Zergling x4  
  87  6:18  Pneumatized Carapace  
  89  6:25  Drone x2  
  91  6:26  Drone  
  91  6:30  Zergling x12  
  98  6:34  Zerg Melee Weapons Level 1  
  98  6:35  Overlord  
  98  6:36  Extractor  
  98  6:37  Spore Crawler, Extractor  
  94  6:40  Overlord  
  94  6:41  Drone x3  
  94  6:43  Drone x2  
  97  6:49  Drone  
  97  6:52  Drone x3  
  101  6:56  Queen x2  
  101  6:57  Queen  
  101  7:00  Drone x2  
  109  7:04  Overlord  
  109  7:05  Overlord  
  108  7:11  Overlord  
  106  7:30  Overseer  
  106  7:32  Mutalisk x13  
  106  7:36  Drone  
  133  7:39  Mutalisk x3  
  139  7:46  Mutalisk x2  
  143  7:52  Drone  
  143  7:53  Hive  
  143  7:55  Overlord x4  
  144  7:59  Overlord x2  
  144  8:01  Overlord  
  144  8:11  Zergling x16  
  152  8:19  Hatchery  
  151  8:25  Zergling x14  
  158  8:29  Zerg Ground Armor Level 1  
  158  8:31  Zergling x12  
  160  8:38  Drone x6  
  160  8:39  Drone x2  
  164  8:45  Overlord  
  160  8:51  Overlord  
  158  8:59  Corruptor x6  
  160  9:05  Corruptor x2  
  152  9:10  Unknown  
  152  9:12  Corruptor x3  
  152  9:15  Greater Spire  
  157  9:19  Corruptor  
  157  9:20  Corruptor x2  
  163  9:24  Drone x3  
  163  9:26  Drone  
  167  9:31  Spire  
  166  9:39  Corruptor x4  
  166  9:43  Overlord  
  170  9:55  Corruptor x5  
  180  10:10  Baneling Nest, Adrenal Glands  
  180  10:11  Evolution Chamber  
  180  10:12  Spore Crawler  
  180  10:13  Viper  
  180  10:18  Hatchery  
  180  10:19  Drone  
  180  10:29  Drone x4  
  180  10:34  Brood Lord  
  180  10:35  Brood Lord x3  
  192  10:37  Spore Crawler x2  
  192  10:38  Spore Crawler x2  
  188  10:43  Burrow  
  188  10:44  Brood Lord x2  
  188  10:48  Drone x4  
  196  10:50  Spore Crawler  
  196  10:51  Spore Crawler  
  196  10:52  Spore Crawler x2  
  196  10:56  Brood Lord  
  191  11:00  Zerg Flyer Armor Level 1  
  191  11:02  Brood Lord  
  193  11:05  Baneling x4  
  193  11:10  Corruptor  
  195  11:21  Centrifugal Hooks  
  195  11:24  Spire  
  194  11:27  Spore Crawler x2  
  194  11:28  Spore Crawler  
  194  11:30  Spore Crawler  
  190  11:37  Zerg Melee Weapons Level 2  
  190  11:38  Zerg Ground Armor Level 2  
  190  11:49  Zergling x2  
  190  11:50  Zergling x10  
  196  11:54  Baneling  
  196  11:55  Baneling x3  
  196  11:58  Drone x2  
  198  12:02  Spore Crawler  
  197  12:11  Spore Crawler x5  
  197  12:12  Spore Crawler, Pathogen Glands  
  197  12:13  Overseer  
  191  12:23  Viper x2  
  196  12:31  Corruptor  
  198  12:43  Baneling x5  
  189  12:53  Zergling x4  
  189  12:54  Zergling x22  
  192  12:59  Zergling x2  
  192  13:00  Zergling x18  
  192  13:05  Spire, Zerg Flyer Armor Level 2  
  198  13:11  Zerg Flyer Weapons Level 1  
  198  13:12  Spawning Pool  
  185  13:15  Zergling x34  
  190  13:30  Roach  
  190  13:31  Roach x4  
  185  13:46  Roach  
  185  13:47  Roach x9  
  185  14:01  Drone x4  
  185  14:02  Drone x2  
  189  14:06  Corruptor x2  
  189  14:07  Corruptor x2  
  197  14:11  Lair  
  197  14:18  Spine Crawler  
  197  14:20  Spine Crawler x2  
  194  14:24  Corruptor x3  
  194  14:29  Overseer x3  
  194  14:33  Baneling Nest  
  194  14:34  Drone x10, Zergling x14  
  199  14:44  Zergling x2  
  199  14:45  Zergling x4  
  199  14:58  Hatchery  
Tags
 
Add a new tag
Caveats
  • Supply blocks, unpowered buildings, or Contaminate may cause inaccurate times.
  • Supply counts are checked every 10 seconds.